 Dungeon Crawl Stone Soup version 0.22-a0-278-g8f80174 (webtiles) character file.

24909 galech the Grappler (level 12, -3/127 HPs)
             Began as a Troll Monk on Mar 15, 2018.
             Was a High Priest of Okawaru.
             Shot with an arrow by a centaur (5 damage)
             ... in a volcano.
             The game lasted 00:34:13 (12926 turns).

galech the Grappler (Troll Monk)                   Turns: 12926, Time: 00:34:14

Health: -3/127     AC:  8    Str: 26    XL:     12   Next: 84%
Magic:  6/12       EV: 18    Int: 12    God:    Okawaru [*****.]
Gold:   604        SH:  0    Dex: 12    Spells: 11/11 levels left

rFire    + + .     SeeInvis .     - Unarmed
rCold    . . .     Gourm    +   (no shield)
rNeg     . . .     Faith    .   K - +1 robe {rF+}
rPois    .         Spirit   .   (helmet restricted)
rElec    .         Reflect  .   g - +0 cloak
rCorr    .         Harm     .   (gloves unavailable)
MR       +....                  (boots unavailable)
Stlth    +++.......             D - amulet of Omyting {+Rage Int+6}
HPRegen  0.71/turn              E - ring of protection from magic
MPRegen  0.13/turn              w - ring of protection from fire

@: heroism, finesse, very slightly contaminated
A: large, unfitting armour, claws 3, fast metabolism 3, gourmand, regeneration
1, shaggy fur 1, tough skin 2
a: Heroism, Finesse, Renounce Religion, Evoke Berserk Rage


You were in a volcano.
You worshipped Okawaru.
Okawaru was extremely pleased with you.
You were very full.

You visited 4 branches of the dungeon, and saw 15 of its levels.
You also visited: Volcano.

You collected 962 gold pieces.
You spent 358 gold pieces at shops.

Inventory:

Hand Weapons
 N - the +11 plutonium sword {*Contam Stlth-}
   (Okawaru gifted it to you on level 1 of the Lair of Beasts)

   It causes magical contamination when unequipped.
   It makes you less stealthy.
Armour
 c - a +2 robe of cold resistance
 g - a +0 cloak (worn)
 z - a +2 robe of magic resistance
 C - a +0 troll leather armour
 K - a +1 robe of fire resistance (worn)
Jewellery
 u - an uncursed ring of poison resistance
 w - a ring of protection from fire (right claw)
 D - the amulet of Omyting (around neck) {+Rage Int+6}
   (You found it on level 8 of the Dungeon)

   [amulet of rage]

   It affects your intelligence (+6).
   It lets you go berserk.
 E - a ring of protection from magic (left claw)
 F - an uncursed ring of stealth
Wands
 s - a wand of flame (41)
 t - a wand of enslavement (43)
 y - a wand of polymorph (24)
Scrolls
 d - 3 scrolls of fear
 f - 2 scrolls of blinking
 h - 2 scrolls of fog
 i - a scroll of random uselessness
 k - 3 scrolls of enchant weapon
 l - 2 scrolls of enchant armour
 m - 11 scrolls of remove curse
 n - 2 scrolls of teleportation
 o - 5 scrolls of magic mapping
 r - 4 scrolls of noise
 A - 8 scrolls of identify
Potions
 a - 2 potions of brilliance {unknown}
 e - 2 potions of degeneration {unknown}
 j - 2 potions of berserk rage {unknown}
 p - 3 potions of haste {unknown}
 q - 2 potions of curing {unknown}
 v - a potion of lignification {unknown}
 x - 3 potions of flight {unknown}
 B - 3 potions of cancellation
 G - a potion of might {unknown}
 I - a potion of resistance {unknown}
Comestibles
 b - 24 rations


   Skills:
 + Level 10.4(15.4) Fighting
 + Level 5.6(10.6) Armour
 + Level 10.4(15.4) Dodging
 - Level 1.0(6.0) Stealth
 + Level 12.2(17.2) Unarmed Combat
 + Level 2.1 Invocations


You had 11 spell levels left.
You didn't know any spells.

Dungeon Overview and Level Annotations

Branches:
Dungeon (11/15)            Temple (1/1) D:4            Lair (1/6) D:8
    Orc (2/2) D:9             Elf (0/3) Orc:2

Altars:
Ashenzari
Cheibriados
Dithmenos
Elyvilon
Fedhas
Gozag
Hepliaklqana
Kikubaaqudgha
Makhleb
Nemelex Xobeh
Okawaru
Qazlal
Ru
Sif Muna
Trog
Uskayaw
Vehumet
Wu Jian
Xom
Yredelemnul
Zin
The Shining One

Shops:
D:5 ?   D:8 *   Orc:2 [*[(


Innate Abilities, Weirdness & Mutations

You are too large for most types of armour.
You have claws for hands.
Your metabolism is lightning-fast.
You like to eat raw meat.
Your natural rate of healing is unusually fast.
You are covered in fur. (AC +1)
You have very tough skin. (AC +2)


Message History

The centaur warrior is almost dead.
The centaur barely misses you. The centaur hits you.
* * * LOW HITPOINT WARNING * * *
You mangle the centaur warrior!!
You kill the centaur warrior!
Okawaru accepts your kill.
The centaur shoots an arrow.
The arrow hits you!
* * * LOW HITPOINT WARNING * * *
The arrow burns you.
* * * LOW HITPOINT WARNING * * *
Blink to where?
Press: ? - help, Dir - move target cursor You are very lightly contaminated with residual magic.
As you read the scroll of blinking, it crumbles to dust.
The centaur wields an uncursed shortbow of flaming.
It bursts into flame!
The centaur shoots an arrow.
The arrow hits you.
* * * LOW HITPOINT WARNING * * *
The centaur wields an uncursed shortbow of flaming.
It bursts into flame!
The centaur shoots an arrow.
The arrow hits you.
You die...

###≈≈.....≈§≈≈≈#
#≈≈..(cc§§≈###
##≈8..(8≈§§#
##.....####
#.....# #8...8#
#.....# #.....#
#8..@8# #.....#
#.....# #8...8#
#.....# #.....#
#8.∩.8# ##...##
##∩##


You could see 2 centaurs.

Vanquished Creatures
  Erolcha (D:10)
  A centaur warrior (Volcano)
  2 two-headed ogres
  Erica (D:9)
  4 orc high priests (Orc:2)
  An unseen horror (D:10)
  A lindwurm (Lair:1)
  4 orc knights (Orc:2)
  Pikel (D:9)
  8 orc sorcerers
  Maurice (D:8)
  Psyche (D:9)
  A komodo dragon (D:11)
  2 spiny frogs (Lair:1)
  6 trolls
  2 hornets
  2 hippogriffs
  Prince Ribbit (D:6)
  4 humans (D:6)
  A hungry ghost (D:9)
  A warg (Orc:2)
  Edmund (D:5)
  Duvessa (D:6)
  2 porcupines (Lair:1)
  A slave (D:9)
  A hornet zombie (D:8)
  23 orc warriors
  4 phantoms
  8 ogres
  4 wolves (D:8)
  8 centaurs
  A big kobold (D:8)
  4 bullfrogs
  Dowan (D:6)
  A scorpion (D:8)
  3 troll zombies (D:9)
  4 killer bees (D:10)
  3 electric eels (D:8)
  5 howler monkeys
  A bullfrog zombie (D:10)
  9 crimson imps
  6 hounds
  7 jellies
  Crazy Yiuf (D:2)
  17 orc priests
  4 quasits
  28 orc wizards
  A bullfrog skeleton (D:8)
  Ijyb (D:5)
  3 iguanas
  5 worker ants
  5 ogre zombies (D:9)
  A hound skeleton (D:4)
  Robin (D:2)
  A worker ant zombie (D:6)
  9 adders
  7 gnolls
  2 shadow imps
  A white imp (D:4)
  10 oozes
  3 adder skeletons
  2 worms (D:2)
  2 dart slugs
  8 leopard geckos
  85 orcs
  2 ball pythons
  13 bats
  6 giant cockroaches
  10 goblins
  6 hobgoblins
  4 jackals
  8 kobolds
  3 quokkas
  5 frilled lizards
  5 goblin skeletons
  A goblin zombie (D:9)
  4 hobgoblin zombies
  A jackal zombie (D:5)
  3 kobold skeletons (D:4)
  5 orc skeletons
  15 orc zombies (D:9)
  A quokka skeleton (D:6)
  9 rats
442 creatures vanquished.

Vanquished Creatures (others)
  An orc (Orc:2)
  A goblin skeleton (D:9)
2 creatures vanquished.

Grand Total: 444 creatures vanquished

Notes
Turn   | Place    | Note
-------+----------+-------------------------------------------
     0 | D:1      | galech the Troll Monk began the quest for the Orb.
     0 | D:1      | Reached XP level 1. HP: 22/22 MP: 0/0
     6 | D:1      | Noticed a worker ant
     6 | D:1      | Noticed a lindwurm
     7 | D:1      | Noticed a hog
     7 | D:1      | Noticed a water moccasin
   148 | D:1      | Reached XP level 2. HP: 29/29 MP: 1/1
   721 | D:2      | Found a runed door.
   725 | D:2      | Noticed Crazy Yiuf
   728 | D:2      | Killed Crazy Yiuf
   728 | D:2      | Reached XP level 3. HP: 30/37 MP: 2/2
   794 | D:2      | Found a blossoming altar of Fedhas.
   848 | D:2      | Reached XP level 4. HP: 45/45 MP: 3/3
   874 | D:2      | Found a bloodstained altar of Trog.
  1129 | D:2      | Found an ancient bone altar of Kikubaaqudgha.
  1131 | D:2      | Reached skill level 4 in Unarmed Combat
  1169 | D:2      | Noticed Robin
  1197 | D:2      | Killed Robin
  1244 | D:2      | Reached XP level 5. HP: 53/53 MP: 4/4
  1318 | D:2      | Found a stormy altar of Qazlal.
  1321 | D:2      | Found an ornate altar of the Wu Jian Council.
  1324 | D:2      | Found a radiant altar of Vehumet.
  1545 | D:2      | Found a sparkling altar of Nemelex Xobeh.
  1983 | D:3      | Found a deep blue altar of Sif Muna.
  2133 | D:2      | Found a sacrificial altar of Ru.
  2212 | D:3      | Found a shadowy altar of Dithmenos.
  2370 | D:4      | Reached XP level 6. HP: 52/62 MP: 5/5
  2512 | D:4      | Reached skill level 5 in Unarmed Combat
  2520 | D:4      | Found a staircase to the Ecumenical Temple.
  2533 | Temple   | Entered the Ecumenical Temple
  2611 | Temple   | Became a worshipper of Warmaster Okawaru
  2611 | Temple   | Reached * piety under Okawaru
  2611 | Temple   | Reached ** piety under Okawaru
  2860 | D:4      | Found a glowing golden altar of the Shining One.
  2865 | D:4      | Reached XP level 7. HP: 59/70 MP: 6/6
  3153 | D:5      | Entered Level 5 of the Dungeon
  3172 | D:5      | Found Joptaig's Magic Scroll Shoppe.
  3181 | D:5      | Bought a scroll of blinking for 90 gold pieces
  3181 | D:5      | Bought a scroll of identify for 24 gold pieces
  3181 | D:5      | Bought a scroll of teleportation for 36 gold pieces
  3271 | D:5      | Found a glowing golden altar of the Shining One.
  3430 | D:5      | Noticed Edmund
  3438 | D:5      | Killed Edmund
  3514 | D:5      | Noticed Ijyb
  3525 | D:5      | Killed Ijyb
  3561 | D:5      | Found a shadowy altar of Dithmenos.
  3822 | D:5      | Reached skill level 6 in Unarmed Combat
  3857 | D:6      | Found a burning altar of Makhleb.
  3857 | D:6      | Noticed Dowan
  3859 | D:6      | Noticed Duvessa
  3871 | D:6      | Killed Duvessa
  3871 | D:6      | Reached skill level 5 in Fighting
  3871 | D:6      | Reached skill level 5 in Dodging
  3871 | D:6      | Reached XP level 8. HP: 73/80 MP: 4/7
  3873 | D:6      | Killed Dowan
  3873 | D:6      | Reached *** piety under Okawaru
  3940 | D:6      | Reached skill level 7 in Unarmed Combat
  4008 | D:6      | Received a gift from Okawaru
  4060 | D:6      | Found a white marble altar of Elyvilon.
  4129 | D:6      | Noticed Prince Ribbit
  4304 | D:6      | Noticed a hornet
  4328 | D:6      | Paralysed by a hornet for 1 turns
  4331 | D:6      | Killed a hornet
  4331 | D:6      | Reached **** piety under Okawaru
  4331 | D:6      | Reached XP level 9. HP: 23/89 MP: 5/8
  4620 | D:6      | Killed Prince Ribbit
  4997 | D:7      | Reached skill level 8 in Unarmed Combat
  5166 | D:7      | Found a shimmering altar of Xom.
  6152 | D:8      | Noticed a troll
  6152 | D:8      | Noticed Maurice
  6167 | D:8      | Reached skill level 9 in Unarmed Combat
  6167 | D:8      | Reached XP level 10. HP: 70/102 MP: 9/9
  6175 | D:8      | Reached ***** piety under Okawaru
  6349 | D:8      | Killed Maurice
  6553 | D:8      | Found a staircase to the Lair.
  6754 | D:8      | Got a heavily runed brass amulet
  6755 | D:8      | Identified the amulet of Omyting {+Rage Int+6} (You found it on level 8 of the Dungeon)
  6769 | D:8      | Found Naohishuac's General Store.
  6787 | D:8      | Bought 2 potions of cancellation for 208 gold pieces
  7279 | D:9      | Noticed Psyche
  7298 | D:9      | Killed Psyche
  7436 | D:9      | Reached skill level 10 in Unarmed Combat
  7463 | D:9      | Received a gift from Okawaru
  7519 | D:9      | Noticed Erica
  7531 | D:9      | Killed Erica
  7562 | D:9      | Found a staircase to the Orcish Mines.
  7741 | D:9      | Noticed Pikel
  7757 | D:9      | Killed Pikel
  7757 | D:9      | Reached XP level 11. HP: 113/113 MP: 10/10
  7922 | D:10     | Entered Level 10 of the Dungeon
  8304 | D:10     | Killed an unseen horror
  8304 | D:10     | Reached skill level 1 in Armour
  9146 | D:10     | Noticed Erolcha
  9156 | D:10     | Killed Erolcha
  9546 | Orc:1    | Entered Level 1 of the Orcish Mines
  9673 | Orc:1    | Noticed a two-headed ogre
  9682 | Orc:1    | Noticed an orc sorcerer
  9767 | Orc:1    | Paralysed by an orc sorcerer for 3 turns
  9775 | D:9      | Killed an orc sorcerer
  9931 | Orc:1    | Killed a two-headed ogre
  9961 | Orc:1    | Noticed an orc sorcerer
  9968 | Orc:1    | Killed an orc sorcerer
  9968 | Orc:1    | Reached skill level 11 in Unarmed Combat
 10146 | Orc:2    | Entered Level 2 of the Orcish Mines
 10552 | Orc:1    | Noticed an orc sorcerer
 10562 | Orc:1    | Killed an orc sorcerer
 10638 | Orc:2    | Noticed an orc sorcerer
 10718 | Orc:2    | Noticed a sixfirhy
 10719 | Orc:2    | Killed an orc sorcerer
 10745 | Orc:2    | Noticed an orc high priest
 10854 | Orc:2    | Noticed a soul eater
 10935 | Orc:2    | Killed an orc high priest
 10935 | Orc:2    | Received a gift from Okawaru
 10935 | Orc:2    | Reached XP level 12. HP: 126/126 MP: 11/11
 11030 | Orc:2    | Found Bicoloq's Weapon Boutique.
 11045 | Orc:2    | Noticed an orc high priest
 11247 | Orc:2    | Found a staircase to the Elven Halls.
 11482 | Orc:2    | Killed an orc high priest
 11497 | Orc:2    | Paralysed by an orc sorcerer for 5 turns
 11541 | Orc:2    | Noticed an orc high priest
 11550 | Orc:2    | Reached skill level 10 in Fighting
 11550 | Orc:2    | Reached skill level 10 in Dodging
 11555 | Orc:2    | Killed an orc high priest
 11637 | Orc:2    | Noticed an orc high priest
 11656 | Orc:2    | Killed an orc high priest
 11659 | Orc:2    | Reached skill level 5 in Armour
 11687 | Orc:2    | Reached ****** piety under Okawaru
 11687 | Orc:2    | Received a gift from Okawaru
 11847 | Orc:2    | Found Mizaewag's Antique Armour Shoppe.
 11854 | Orc:2    | Found Saliod's Assorted Antiques.
 11879 | Orc:2    | Reached skill level 12 in Unarmed Combat
 11910 | Orc:2    | Found Puvoam's Armour Boutique.
 12232 | D:11     | Reached skill level 1 in Invocations
 12322 | D:11     | Noticed a two-headed ogre
 12330 | D:11     | Killed a two-headed ogre
 12475 | Lair:1   | Entered Level 1 of the Lair of Beasts
 12485 | Lair:1   | Received a gift from Okawaru
 12486 | Lair:1   | Found the +11 plutonium sword {*Contam Stlth-}
 12587 | Lair:1   | Found a dark tunnel.
 12788 | Volcano  | Entered a volcano
 12805 | Volcano  | Noticed a centaur warrior
 12923 | Volcano  | Killed a centaur warrior
 12923 | Volcano  | HP: 6/127 [centaur/arrow (1)]
 12924 | Volcano  | HP: 1/127 [centaur/arrow (6)]
 12926 | Volcano  | Shot with an arrow by a centaur

Vault maps used:
D:1:      onia_arrival_zoo_common, lemuel_old_faithful
D:2:      grunt_temple_overflow_diamond, fedhas_altar_1,
          kiku_gazebo_garden_becter, nicolae_overflow_hidden_temple,
          first_ration, hangedman_decor_lopped, uniq_robin,
          uniq_crazy_yiuf_cottage
D:3:      marbit_many_paths, st_stairs_13, led_sif_book
D:4:      nicolae_tso_besieged_by_evil, minmay_temple_entry_crystal_x
D:5:      serial_shops, shop, basic_altar, grunt_dithmenos_smoke, uniq_edmund,
          uniq_ijyb
D:6:      lemuel_crystal_altar, elyvilon_altar_5, minmay_ruffians, uniq_duvessa,
          uniq_prince_ribbit1
D:7:      lemuel_centaur_altar
D:8:      cheibrodos_quashed, erik_lair_island, serial_shops,
          nicolae_shop_trees, grunt_decor_one_mirror, uniq_maurice
D:9:      zombieorc2_lemuel, hangedman_little_slice_of_home, uniq_psyche,
          uniq_pikel, uniq_erica
D:10:     uniq_erolcha
D:11:     grunt_decor_mini_mirrors
Temple:   compressed_dpeg_circular_temple
Lair:1:   nicolae_volcano_entry_vermiform
Orc:2:    st_orc_elflike
Volcano:  kennysheep_volcano_temple

Skill      XL: |  1  2  3  4  5  6  7  8  9 10 11 12 |
---------------+-------------------------------------+-----
Fighting       | 3 4 5 6 7 8 9 10 | 10.4
Dodging        | 3 4 5 6 7 8 9 10 | 10.4
Unarmed Combat | 4 5 6 7 9 10 11 12 | 12.2
Armour         | 3 5 |  5.6
Invocations    | 2 |  2.1
Stealth        | |  1.0

Action                   |  1- 3 |  4- 6 |  7- 9 | 10-12 || total
-------------------------+-------+-------+-------+-------++-------
Melee: Unarmed           |    67 |   195 |   337 |   759 ||  1358
       Punch             |       |     4 |    10 |    38 ||    52
Invok: Heroism           |       |       |     5 |    11 ||    16
       Finesse           |       |       |       |     1 ||     1
  Use: Scroll            |       |       |       |    13 ||    13
 Stab: Sleeping          |     1 |     5 |     1 |     1 ||     8
       Distracted        |       |     1 |       |     1 ||     2
  Eat: Chunk             |    13 |    19 |    30 |    66 ||   128
Armor: Robe              |    28 |    69 |   124 |     8 ||   229
       Troll leather arm |       |       |       |   186 ||   186
Dodge: Dodged            |    38 |    90 |   205 |   506 ||   839

Table legend:
 A = Spawn XP
 B = Non-spawn XP
 C = Spawn XP percentage of total XP
 D = Spawn monster count
 E = Non-spawn monster count
 F = Spawn count percentage of total count
 G = Total turns spent on level
                    A         B        C        D         E        F      G
               +---------+---------+-------+---------+---------+-------+---------
         Total |       0 |   35585 |   0.0 |       0 |     441 |   0.0 | 12926
               +---------+---------+-------+---------+---------+-------+---------
           D:1 |       0 |      47 |   0.0 |       0 |      18 |   0.0 |   740
           D:2 |       0 |     165 |   0.0 |       0 |      39 |   0.0 |   940
           D:3 |       0 |     140 |   0.0 |       0 |      22 |   0.0 |   634
           D:4 |       0 |     491 |   0.0 |       0 |      34 |   0.0 |   750
           D:5 |       0 |     490 |   0.0 |       0 |      13 |   0.0 |   704
           D:6 |       0 |    2257 |   0.0 |       0 |      35 |   0.0 |  1085
           D:7 |       0 |    1398 |   0.0 |       0 |      28 |   0.0 |  1053
           D:8 |       0 |    3274 |   0.0 |       0 |      47 |   0.0 |  1274
           D:9 |       0 |    4044 |   0.0 |       0 |      71 |   0.0 |   996
          D:10 |       0 |    3303 |   0.0 |       0 |      23 |   0.0 |  1681
          D:11 |       0 |    1754 |   0.0 |       0 |      17 |   0.0 |   256
        Lair:1 |       0 |    1953 |   0.0 |       0 |       6 |   0.0 |   313
         Orc:1 |       0 |    3581 |   0.0 |       0 |      31 |   0.0 |   825
         Orc:2 |       0 |   12169 |   0.0 |       0 |      56 |   0.0 |  1448
       Volcano |       0 |     519 |   0.0 |       0 |       1 |   0.0 |   138
               +---------+---------+-------+---------+---------+-------+---------
